 Dungeon Crawl Stone Soup version 0.31-a0-1042-ga9834b393d (webtiles) character file.

Game seed: 1722239765238079911

40 Voidaemon the Trooper (level 3, 0/43 HPs)
             Began as a Demonspawn Berserker on Nov 21, 2023.
             Was a Follower of Trog.
             Succumbed to a gnoll's poison
             ... on level 2 of the Dungeon.
             The game lasted 00:05:51 (779 turns).

Voidaemon the Trooper (Demonspawn Berserker)         Turns: 779, Time: 00:05:52

Health: 0/43       AC:  5    Str: 19    XL:     3   Next: 30%
Magic:  3/3        EV: 11    Int:  8    God:    Trog [*.....]
Gold:   39         SH:  4    Dex: 12    Spells: 2/2 levels left

rFire   . . .        g - +1 hand axe (heavy)
rCold   . . .        (no shield)
rNeg    . . .        f - +0 ring mail
rPois   .            (helmet restricted)
rElec   .            (no cloak)
rCorr   .            (no gloves)
SInv    .            (no boots)
Will    .....        (no amulet) Stlth
                     (no ring)
HPRegen 0.27/turn    (no ring)
MPRegen 0.08/turn

%: no passive effects
@: berserking (expiring), lethally poisoned (0 -> -4), very quick
A: antennae 1, condensation shield
a: Renounce Religion, Berserk


You were on level 2 of the Dungeon.
You worshipped Trog.
Trog was aware of your devotion.
You visited 1 branch of the dungeon, and saw 2 of its levels.

You collected 39 gold pieces.

Inventory:

Hand Weapons
 a - a +0 hand axe
 g - a +1 heavy hand axe (weapon)
Armour
 b - a +0 animal skin
 f - a +0 ring mail (worn)
Scrolls
 c - a scroll of summoning {unknown}
 d - a scroll of acquirement {unknown}
 e - a scroll of amnesia {unknown}
 h - a scroll of noise {unknown}


   Skills:
 * Level 3.4 Fighting
 + Level 2.9 Axes
 * Level 2.3 Armour
 + Level 2.1 Dodging
 + Level 1.2 Invocations


You had 2 spell levels left.
You didn't know any spells.
Your spell library was empty.

Dungeon Overview and Level Annotations

Branches:
Dungeon (2/15)

Altars:


Innate Abilities, Weirdness & Mutations

You have a pair of small antennae on your head.
A meltable shield of frost defends you. (SH +4)


Message History

A gnoll comes into view. It is wielding a +0 spear.
The gnoll hits you with a +0 club.
The gnoll shouts!
You slash the gnoll!
You kill the gnoll!
Trog accepts your kill. The gnoll misses you.
Your Invocations skill increases to level 1!
You closely miss the gnoll.
The gnoll is severely wounded.
The gnoll hits you with a +0 flail. x2
A rat comes into view.
You slash the gnoll!
You kill the gnoll!
Trog accepts your kill.
The gnoll hits you from afar with a +0 spear.
* * * LOW HITPOINT WARNING * * *
You have reached level 3!
Your experience leads to an increase in your attributes!
Increase (S)trength, (I)ntelligence, or (D)exterity?
You feel stronger. x2; Your demonic ancestry asserts itself...
Frost condenses into a shield before you.
Nothing quivered!
A red film seems to cover your vision as you go berserk!
You feel yourself moving faster!
You feel mighty! The gnoll hits you but does no damage.
The gnoll hits you with a +3 whip of venom.
* * * LOW HITPOINT WARNING * * *
You are lethally poisoned!
You slash the gnoll! You punch the gnoll.
You kill the gnoll!
Trog accepts your kill.
* * * LOW HITPOINT WARNING * * *
You feel very sick. The gnoll barely misses you. The gnoll closely misses you.
* * * LOW HITPOINT WARNING * * *
You feel sick.
Items here: ))) ††.
You barely miss the gnoll.
You die...

########## #
##########...<.....
##.#######.@........########
.........rg##########
#........## #........#
.....##.### #### .... #####.
#g g.


You could see a gnoll and a rat.

Vanquished Creatures
  3 gnolls (D:2)
  3 kobolds (D:1)
  A quokka (D:1)
  3 ball pythons
  A bat (D:1)
  A goblin (D:1)
  3 rats (D:1)
15 creatures vanquished.

Notes
Turn   | Place    | Note
-------+----------+-------------------------------------------
     0 | D:1      | Voidaemon the Demonspawn Berserker began the quest for the
                  | Orb.
     0 | D:1      | Reached XP level 1. HP: 18/18 MP: 1/1
   435 | D:1      | Discovered your monstrous ancestry.
   435 | D:1      | Gained mutation: You have a pair of small antennae on your
                  | head. [demonic ancestry]
   435 | D:1      | Reached XP level 2. HP: 24/24 MP: 2/2
   774 | D:2      | Reached skill level 1 in Invocations
   776 | D:2      | Gained mutation: A meltable shield of frost defends you.
                  | (SH +4) [demonic ancestry]
   776 | D:2      | Reached XP level 3. HP: 5/29 MP: 3/3
   777 | D:2      | HP: 2/43 [poisoned by a gnoll]
   779 | D:2      | Succumbed to a gnoll's poison

Illustrated notes

Levels and vault maps discovered:
D:1:      minmay_arrival_arboretum_small, layout_basic, serial_glass,
          glass_columns_c, glass_columns_c
D:2:      layout_rooms

Skill      XL: |  1  2 |
---------------+-------+-----
Armour         | 2 |  2.3
Dodging        | 2 |  2.1
Invocations    | 1 |  1.2
Fighting       | |  3.4
Axes           | |  2.9

Action                     || total
---------------------------++-------
  Melee: Hand axe          ||    31
         Punch             ||     1
 Invoke: Berserk           ||     1
   Stab: Sleeping          ||     1
 Armour: Ring mail         ||    17
         Animal skin       ||     1
  Dodge: Dodged            ||    18

Table legend: (Time is in decaauts)
 A = Elapsed time spent in this place.
 B = Non-inter-level travel time spent in this place.
 C = Inter-level travel time spent in this place.
 D = Time resting spent in this place.
 E = Time spent auto-exploring this place.
 F = Levels seen in this place.
 G = Mean time per level.
                   A        B        C        D        E       F      G
               +--------+--------+--------+--------+--------+-----+--------+
         Total |    789 |    707 |     82 |      0 |    589 |   2 |  394.5 |
       Dungeon |    789 |    707 |     82 |      0 |    589 |   2 |  394.5 |
               +--------+--------+--------+--------+--------+-----+--------+

Top non-repeatable levels by time:
     D:1: 745 daAuts
     D:2: 43 daAuts
